 Dungeon Crawl Stone Soup version 0.25-a0-690-g234afa57d4 (webtiles) character file.

Game seed: 10552855106146962903, levelgen mode: deterministic

1910 Scuka the Magician (level 9, -1/69 HPs)
             Began as a Gnoll Skald on Mar 30, 2020.
             Slain by a hog (7 damage)
             ... on level 7 of the Dungeon.
             The game lasted 00:09:23 (7437 turns).

Scuka the Magician (Gnoll Skald)                    Turns: 7437, Time: 00:09:23

Health: -1/69      AC: 11    Str: 17    XL:     9   Next: 16%
Magic:  9/18       EV: 13    Int: 16    God:
Gold:   57         SH:  5    Dex: 14    Spells: 10/20 levels left

rFire    . . .     SeeInvis .   a - +1 trident (venom)
rCold    . . .     Gourm    .   j - +0 buckler
rNeg     . . .     Faith    .   u - +0 scale mail
rPois    +         Spirit   .   (no helmet)
rElec    .         Reflect  .   (no cloak)
rCorr    .         Harm     .   x - +0 pair of gloves
MR       .....                  (no boots)
Stlth    +.........             (no amulet)
HPRegen  0.21/turn              o - +3 ring of protection
MPRegen  0.16/turn              t - ring of poison resistance

@: shrouded
A: distributed training, fangs 1, strong nose
a: no special abilities


You were on level 7 of the Dungeon.
You were not hungry.

You visited 2 branches of the dungeon, and saw 8 of its levels.
You also visited: Sewer.

You collected 305 gold pieces.
You spent 248 gold pieces at shops.

Inventory:

Hand Weapons
 a - a +1 trident of venom (weapon)
 b - a +0 hunting sling
Missiles
 i - 6 javelins (quivered)
 n - 7 sling bullets
 s - a throwing net
Armour
 j - a +0 buckler (worn)
 u - a +0 scale mail (worn)
 x - a +0 pair of gloves (worn)
Jewellery
 o - a +3 ring of protection (left hand)
 t - a ring of poison resistance (right hand)
Wands
 v - a wand of enslavement (7)
Scrolls
 e - 2 scrolls of immolation
 f - 2 scrolls of teleportation
 g - a scroll of remove curse
 m - a scroll of amnesia {unknown}
 q - 2 scrolls of blinking
 r - a scroll of fog {unknown}
 z - a scroll of vulnerability
Potions
 c - a potion of invisibility
 h - 2 potions of berserk rage
 k - 3 potions of haste
 l - 2 potions of magic
 p - a potion of heal wounds
 w - a potion of brilliance {unknown}
 A - a potion of ambrosia {unknown}
Comestibles
 d - 18 rations


   Skills:
 + Level 6.1 Fighting
 + Level 3.9 Short Blades
 + Level 3.9 Long Blades
 + Level 3.9 Axes
 + Level 6.1 Maces & Flails
 + Level 3.9 Polearms
 + Level 3.9 Staves
 + Level 3.9 Slings
 + Level 3.9 Bows
 + Level 3.9 Crossbows
 + Level 3.9 Throwing
 + Level 4.7 Armour
 + Level 6.1 Dodging
 + Level 3.9 Stealth
 + Level 3.9 Shields
 + Level 3.9 Unarmed Combat
 + Level 6.4 Spellcasting
 + Level 3.2 Conjurations
 + Level 3.2 Hexes
 + Level 6.4 Charms
 + Level 3.2 Summonings
 + Level 3.2 Necromancy
 + Level 3.2 Translocations
 + Level 3.2 Transmutations
 + Level 3.2 Fire Magic
 + Level 3.2 Ice Magic
 + Level 3.2 Air Magic
 + Level 3.2 Earth Magic
 + Level 3.2 Poison Magic
 + Level 4.3 Invocations
 + Level 3.9 Evocations


You had 10 spell levels left.
You knew the following spells:

 Your Spells              Type           Power        Failure   Level  Hunger
a - Infusion              Chrm           ####         3%          1    None
b - Song of Slaying       Chrm           ####....     4%          2    None
c - Shroud of Golubria    Chrm/Tloc      ###...       9%          2    None
d - Spectral Weapon       Hex/Chrm       ###.....     19%         3    ##.....
e - Blink                 Tloc           N/A          17%         2    None

Your spell library contained the following spells:

 Spells                   Type           Power        Failure   Level  Hunger
 Magic Dart               Conj           ###.         12%         1    None
 Call Imp                 Summ           ###.....     17%         2    None
 Slow                     Hex            ###.....     17%         2    None
 Ozocubu's Armour         Chrm/Ice       ###.....     19%         3    ##.....
 Conjure Flame            Conj/Fire      ###.....     34%         3    ##.....
 Mephitic Cloud           Conj/Pois/Air  ###.....     34%         3    ##.....


Dungeon Overview and Level Annotations

Branches:
Dungeon (7/15)             Temple (1/1) D:7           Sewer (visited)

Altars:
Ashenzari
Hepliaklqana
Makhleb
Nemelex Xobeh
Okawaru
Sif Muna
Trog
Uskayaw
Vehumet
Wu Jian
Yredelemnul
Zin
The Shining One

Shops:
D:6 *


Innate Abilities, Weirdness & Mutations

Your experience applies equally to all skills.
You have very sharp teeth.
Your uncanny sense of smell can sniff out nearby items.


Message History

The human shouts!
You hit the hog.
The hog is poisoned.
The hog is severely wounded.
The hog bites you.
* * * LOW HITPOINT WARNING * * *
The hog bites you!
* * * LOW HITPOINT WARNING * * *
You kill the human!
Things that are here:
a cursed +0 morningstar; a +0 plate armour The hog misses you.
The hog closely misses you. The hog misses you.
The hog looks more healthy.
You block the hog's attack.
Casting: Shroud of Golubria (safe; 9% risk of failure)
Confirm with . or Enter, or press ? or * to list all spells.
Space distorts slightly along a thin shroud covering your body.
The hog bites you!
You die...

8# #.# ># #.# 8#########
#.# .†.......#### #.#
............# #.#
...#.......####.#
......#......##.#######
†÷#.....#....##.......###
....#....#.....÷@h......#
...#...#...##.#######.#.#
..#..#..#...#.# #>#.#
.#.#.#.#.#.#..# #.#.#
#.##.##.##.#### #.#.###
#) ##.###.## #.#...# #
#.## . #.###.# ### ∆# #.#
#)# #.# #)#


You could see a hog.

Vanquished Creatures
  2 hogs (D:7)
  A human (D:7)
  An ice beast (D:5)
  An orc warrior (D:7)
  3 ogres
  A crocodile (Sewer)
  Blork the orc (D:6)
  3 bullfrogs
  A scorpion (D:6)
  A howler monkey (D:5)
  2 crimson imps
  2 hounds
  A jelly (D:5)
  An orc wizard (D:6)
  4 iguanas
  5 worker ants
  2 hound zombies (D:5)
  10 adders
  2 adder zombies (D:6)
  6 worms
  6 dart slugs
  6 leopard geckos
  11 orcs
  6 giant cockroaches
  2 goblins (D:2)
  4 hobgoblins
  4 jackals
  2 quokkas
  2 ball pythons
  5 bats
  4 frilled lizards
  9 kobolds
  A leopard gecko skeleton (D:7)
  3 rats
115 creatures vanquished.

Vanquished Creatures (others)
  A hog (D:7)
1 creature vanquished.

Grand Total: 116 creatures vanquished

Notes
Turn   | Place    | Note
-------+----------+-------------------------------------------
     0 | D:1      | Scuka the Gnoll Skald began the quest for the Orb.
     0 | D:1      | Reached XP level 1. HP: 20/20 MP: 6/6
   561 | D:1      | Reached XP level 2. HP: 25/26 MP: 7/7
   705 | D:1      | Learned a level 2 spell: Song of Slaying
   708 | D:1      | Learned a level 2 spell: Shroud of Golubria
  1014 | D:2      | Reached XP level 3. HP: 30/31 MP: 2/9
  1017 | D:2      | Reached skill level 5 in Spellcasting
  1152 | D:2      | HP: 1/31 [adder (2)]
  1453 | D:2      | Reached skill level 1 in Invocations
  1594 | D:2      | Reached skill level 1 in Short Blades
  1594 | D:2      | Reached skill level 1 in Long Blades
  1594 | D:2      | Reached skill level 1 in Axes
  1594 | D:2      | Reached skill level 1 in Polearms
  1594 | D:2      | Reached skill level 1 in Staves
  1594 | D:2      | Reached skill level 1 in Slings
  1594 | D:2      | Reached skill level 1 in Bows
  1594 | D:2      | Reached skill level 1 in Crossbows
  1594 | D:2      | Reached skill level 1 in Throwing
  1594 | D:2      | Reached skill level 1 in Stealth
  1594 | D:2      | Reached skill level 1 in Shields
  1594 | D:2      | Reached skill level 1 in Unarmed Combat
  1594 | D:2      | Reached skill level 1 in Evocations
  1594 | D:2      | Reached XP level 4. HP: 32/38 MP: 11/11
  2068 | D:3      | Reached skill level 1 in Conjurations
  2068 | D:3      | Reached skill level 1 in Hexes
  2068 | D:3      | Reached skill level 1 in Summonings
  2068 | D:3      | Reached skill level 1 in Necromancy
  2068 | D:3      | Reached skill level 1 in Translocations
  2068 | D:3      | Reached skill level 1 in Transmutations
  2068 | D:3      | Reached skill level 1 in Fire Magic
  2068 | D:3      | Reached skill level 1 in Ice Magic
  2068 | D:3      | Reached skill level 1 in Air Magic
  2068 | D:3      | Reached skill level 1 in Earth Magic
  2068 | D:3      | Reached skill level 1 in Poison Magic
  2093 | D:3      | Learned a level 3 spell: Spectral Weapon
  2096 | D:3      | Learned a level 2 spell: Blink
  2379 | D:3      | Reached XP level 5. HP: 43/43 MP: 12/12
  3132 | D:4      | Reached XP level 6. HP: 14/50 MP: 13/13
  4187 | D:5      | Entered Level 5 of the Dungeon
  4278 | D:5      | Reached skill level 5 in Fighting
  4278 | D:5      | Reached skill level 5 in Maces & Flails
  4278 | D:5      | Reached skill level 5 in Dodging
  4318 | D:5      | Found a glowing drain,
  4326 | Sewer    | Entered a sewer
  5016 | D:5      | Reached XP level 7. HP: 55/56 MP: 15/15
  5238 | D:5      | Found a basalt altar of Yredelemnul,
  6264 | D:6      | Noticed Blork the orc
  6278 | D:6      | Killed Blork the orc
  6278 | D:6      | Reached XP level 8. HP: 61/63 MP: 12/16
  6292 | D:6      | Found Vuukot's Assorted Antiques,
  6302 | D:6      | Bought a bound tin ring for 155 gold pieces
  6302 | D:6      | Bought a scroll of identify for 62 gold pieces
  6302 | D:6      | Bought a scroll labeled YBANO YXOXAIR for 31 gold pieces
  6303 | D:6      | Identified the ring "Tevogg" {*Tele *Slow Str+5 Stlth+}
                  | (You bought it in a shop on level 6 of the Dungeon)
  6494 | D:6      | Found a sparkling altar of Nemelex Xobeh,
  6771 | D:7      | Found a staircase to the Ecumenical Temple,
  6779 | Temple   | Entered the Ecumenical Temple
  7398 | D:7      | Reached XP level 9. HP: 20/69 MP: 6/18
  7422 | D:7      | HP: 3/69 [hog (11)]
  7437 | D:7      | Slain by a hog

Levels and vault maps discovered:
D:1:      scummos_arrival_gate, layout_loops_ring
D:2:      layout_loops_cross
D:3:      layout_loops_ring, first_ration, chequers_avenue
D:4:      layout_loops_ring
D:5:      layout_loops_corners, yredelemnul_altar_generic, portal_sewer_entry_b,
          chequers_serial_rivers_room_a
D:6:      layout_rooms, overflow_temple_1_default, serial_shops,
          nicolae_shop_waterfront, uniq_blork_the_orc
D:7:      layout_loops_ring, kennysheep_little_box,
          amethyst_overflow_temple_binary, temple_statues, grunt_livestock,
          serial_bayou_pond_e, minmay_increasing_density, uniq_duvessa,
          uniq_prince_ribbit1
Temple:   minmay_temple_curvy_loop

Skill      XL: |  1  2  3  4  5  6  7  8  9 |
---------------+----------------------------+-----
Spellcasting   | 5 6 |  6.4
Invocations    | 1 2 3 4 |  4.3
Short Blades   | 1 2 3 |  3.9
Long Blades    | 1 2 3 |  3.9
Axes           | 1 2 3 |  3.9
Polearms       | 1 2 3 |  3.9
Staves         | 1 2 3 |  3.9
Slings         | 1 2 3 |  3.9
Bows           | 1 2 3 |  3.9
Crossbows      | 1 2 3 |  3.9
Throwing       | 1 2 3 |  3.9
Stealth        | 1 2 3 |  3.9
Shields        | 1 2 3 |  3.9
Unarmed Combat | 1 2 3 |  3.9
Evocations     | 1 2 3 |  3.9
Conjurations   | 1 2 3 |  3.2
Hexes          | 1 2 3 |  3.2
Summonings     | 1 2 3 |  3.2
Necromancy     | 1 2 3 |  3.2
Translocations | 1 2 3 |  3.2
Transmutations | 1 2 3 |  3.2
Fire Magic     | 1 2 3 |  3.2
Ice Magic      | 1 2 3 |  3.2
Air Magic      | 1 2 3 |  3.2
Earth Magic    | 1 2 3 |  3.2
Poison Magic   | 1 2 3 |  3.2
Armour         | 3 4 |  4.7
Fighting       | 5 6 |  6.1
Maces & Flails | 5 6 |  6.1
Dodging        | 5 6 |  6.1
Charms         | 6 |  6.4

Action                   |  1- 3 |  4- 6 |  7- 9 || total
-------------------------+-------+-------+-------++-------
Melee: Mace              |    85 |     4 |       ||    89
       Bite              |     8 |    17 |    19 ||    44
       Trident           |       |   175 |   174 ||   349
 Cast: Shroud of Golubri |     5 |     2 |    10 ||    17
       Infusion          |     4 |       |     3 ||     7
       Song of Slaying   |     1 |     1 |     3 ||     5
Evoke: Wand              |       |       |     2 ||     2
  Use: Scroll            |       |    10 |     3 ||    13
 Stab: Sleeping          |     2 |     5 |       ||     7
  Eat: Chunk             |     2 |    10 |     6 ||    18
       Ration            |       |       |     1 ||     1
Armor: Leather armour    |    19 |    21 |       ||    40
       Chain mail        |       |    32 |    19 ||    51
       Scale mail        |       |       |    42 ||    42
Dodge: Dodged            |    67 |    81 |    85 ||   233
Block: Buckler           |    14 |    25 |    30 ||    69

Table legend:
 A = Non-vault XP
 B = Vault XP
 C = Vault XP percentage of total XP
 D = Non-vault monster count
 E = Vault monster count
 F = Vault count percentage of total count
                 A         B        C        D         E       F
            +---------+---------+-------+---------+---------+-------
      Total |    1779 |     950 |  34.8 |      99 |      17 |  14.7
            +---------+---------+-------+---------+---------+-------
        D:1 |      16 |       0 |   0.0 |       7 |       0 |   0.0
        D:2 |     104 |       0 |   0.0 |      22 |       0 |   0.0
        D:3 |      66 |       0 |   0.0 |      20 |       0 |   0.0
        D:4 |     196 |       0 |   0.0 |      12 |       0 |   0.0
        D:5 |     642 |       0 |   0.0 |      14 |       0 |   0.0
        D:6 |     249 |      90 |  26.5 |      12 |       1 |   7.7
        D:7 |     506 |     744 |  59.5 |      12 |      10 |  45.5
      Sewer |       0 |     116 | 100.0 |       0 |       6 | 100.0
            +---------+---------+-------+---------+---------+-------
